 Dungeon Crawl Stone Soup version 0.30.0-29-ga12c61a403 (webtiles) character file.

Game seed: 68338794762120507

327 Ijustatesigmund the Stinger (level 6, -3/41 HPs)
             Began as an Octopode Venom Mage on June 14, 2023.
             Splashed by a jelly's acid (12 damage)
             ... on level 4 of the Dungeon.
             The game lasted 00:06:44 (2842 turns).

Ijustatesigmund the Stinger (Octopode Venom Mage)   Turns: 2842, Time: 00:06:46

Health: -3/41      AC: -3    Str:  6 (8)  XL:     6   Next: 50%
Magic:  11/11      EV: 13    Int: 18 (19) God:
Gold:   162        SH:  0    Dex: 10 (12) Spells: 1/11 levels left

rFire   . . .        c - +1 hand axe (spect)
rCold   . . .        (no shield)
rNeg    . . .        (helmet restricted)
rPois   .            m - amulet of the acrobat
rElec   .            (no ring)
rCorr   .            (no ring)
SInv    .            (no ring)
Will    .....        (no ring)
Stlth   +++          (no ring)
HPRegen 0.26/turn    (no ring)
MPRegen 0.12/turn    (no ring)
                     (no ring)

%: acrobat
@: corroded, attractive, hasted, very quick
A: almost no armour, amphibious, 8 rings, camouflage 1, gelatinous body 1,
(nimble swimmer 1), tentacles
a: no special abilities


You were on level 4 of the Dungeon.
You visited 1 branch of the dungeon, and saw 4 of its levels.

You collected 162 gold pieces.

Inventory:

Hand Weapons
 c - a +1 spectral hand axe (weapon)
Jewellery
 g - a ring of ice
 m - an amulet of the acrobat (around mantle)
Wands
 a - a wand of polymorph (9)
Potions
 e - 3 potions of flight
 f - 2 potions of mutation
 n - a potion of berserk rage {unknown}
 q - a potion of cancellation


   Skills:
 - Level 2.5 Fighting
 + Level 0.0 Axes
 - Level 2.0 Dodging
 - Level 2.6 Stealth
 + Level 3.4 Spellcasting
 + Level 1.2 Conjurations
 - Level 1.0 Transmutations
 + Level 2.7 Air Magic
 + Level 5.3 Poison Magic


You had one spell level left.
You knew the following spells:

 Your Spells              Type           Power      Damage    Failure   Level
a - Sting                 Tmut/Pois      56%        1d5       4%          1
b - Poisonous Vapours     Pois/Air       34%        N/A       4%          2
c - Mephitic Cloud        Conj/Pois/Air  14%        N/A       13%         3
d - Olgreb's Toxic Radia  Pois           22%        N/A       17%         4

Your spell library contained the following spells:

 Spells                   Type           Power      Damage    Failure   Level
 Apportation              Tloc           6%         N/A       16%         1
 Alistair's Intoxication  Tmut/Pois      9%         N/A       75%         5


Dungeon Overview and Level Annotations

Branches:
Dungeon (4/15)
 Temple: D:4-7

Altars:
Dithmenos
Zin


Innate Abilities, Weirdness & Mutations

You cannot wear most types of armour.
You are amphibious.
You can wear up to eight rings at the same time.
Your skin changes colour to match your surroundings (Stealth+).
Your rubbery body absorbs attacks. (AC +1, EV +1)
((You are camouflaged when in or above water. (Stealth+)))
You have tentacles for arms and can constrict up to eight enemies at once.


Message History

* * * LOW HITPOINT WARNING * * *
You are splashed with acid!
* * * LOW HITPOINT WARNING * * *
The jackal attacks as you move away! The jackal bites you.
* * * LOW HITPOINT WARNING * * *
Your +1 spectral hand axe disappears.
The jackal closely misses you. The jackal completely misses you.
You feel better. The jackal misses you. x2
The jackal attacks as you move away! The jackal completely misses you.
The jackal attacks as you move away! The jackal bites you.
* * * LOW HITPOINT WARNING * * *
The jackal completely misses you.
It was a potion of attraction.
You feel attractive to monsters. The jackal barely misses you.
The goblin is attracted toward you.
It was a potion of degeneration.
There was something very wrong with that liquid.
You feel weakened.
You feel dopey.
You feel clumsy. The jackal barely misses you. The jackal misses you.
It was a potion of haste.
You feel yourself speed up. The jackal barely misses you.
You barely miss the jackal. You grab the jackal.
You squeeze the jackal, but do no damage.
You constrict the jackal. The jackal barely misses you.
You hit the jackal.
You kill the jackal!
You hit the jackal. Your grab misses the jackal.
The jackal is almost dead.
The jackal barely misses you.
You miss the jackal. You grab the jackal.
The jackal is almost dead.
You constrict the jackal.
You kill the jackal!
You hit the jelly.
Your tentacles burn!
* * * LOW HITPOINT WARNING * * *
The jelly is heavily wounded.
The jelly hits you.
* * * LOW HITPOINT WARNING * * *
You are splashed with acid!
You die...

..............♣ .
w..............♣g♣
.................
+.............>....
#..........$.....#
##................##.##
...............g..$....
..............#J#.##.##
..............#@# ..
......†.......#.# #..
#............#.. ..
###.........##.#. .
#.........##.##.
.#.........##.# .#
#...........##.#
.##########
.............##.#
.........#
.............##.###
#....[..#


You could see a jelly and a goblin.

Vanquished Creatures
  Sigmund (D:2)
  A scorpion (D:3)
  An orc wizard (D:4)
  2 adders
  A white imp (D:4)
  A dart slug (D:1)
  4 orcs
  7 bats
  4 endoplasms
  4 giant cockroaches
  3 hobgoblins
  2 jackals (D:4)
  2 kobolds (D:2)
  4 quokkas
  4 ball pythons
  A frilled lizard (D:2)
  4 goblins
  3 rats
49 creatures vanquished.

Notes
Turn   | Place    | Note
-------+----------+-------------------------------------------
     0 | D:1      | Ijustatesigmund the Octopode Venom Mage began the quest for
                  | the Orb.
     0 | D:1      | Reached XP level 1. HP: 11/11 MP: 3/3
   290 | D:1      | Reached XP level 2. HP: 18/18 MP: 3/5
   293 | D:1      | Learned a level 2 spell: Poisonous Vapours
   398 | D:1      | Found a faded altar of an unknown god.
   633 | D:2      | Reached skill level 1 in Fighting
   722 | D:2      | Reached skill level 4 in Poison Magic
   924 | D:2      | Reached XP level 3. HP: 19/23 MP: 3/6
  1215 | D:2      | Noticed Sigmund
  1232 | D:2      | Killed Sigmund
  1233 | D:2      | Reached XP level 4. HP: 30/30 MP: 1/8
  1233 | D:2      | Reached XP level 5. HP: 35/35 MP: 1/9
  1312 | D:2      | Learned a level 3 spell: Mephitic Cloud
  1317 | D:2      | Learned a level 4 spell: Olgreb's Toxic Radiance
  1579 | D:3      | Reached skill level 5 in Poison Magic
  1579 | D:3      | Reached XP level 6. HP: 17/41 MP: 8/11
  2053 | D:3      | Found a shadowy altar of Dithmenos.
  2062 | D:3      | Noticed an ice beast
  2186 | D:4      | Reached skill level 1 in Conjurations
  2487 | D:4      | Found a glowing silver altar of Zin.
  2832 | D:4      | HP: 2/41 [jackal (1)]
  2842 | D:4      | Splashed by a jelly's acid

Illustrated notes

Levels and vault maps discovered:
D:1:      eino_arrival_tree_alley, layout_rooms,
          dilly_ecumenical_altar_fadedgnrine
D:2:      layout_loops_cross, uniq_sigmund
D:3:      layout_basic, old_standard_altar
D:4:      layout_basic, mainiacjoe_overflow_24_doors,
          mainiacjoe_overflow_cross_hatched

Skill      XL: |  1  2  3  4  5  6 |
---------------+-------------------+-----
Fighting       | 1 2 |  2.5
Poison Magic   | 4 5 |  5.3
Spellcasting   | 3 |  3.4
Air Magic      | 2 |  2.7
Conjurations   | 1 |  1.2
Dodging        | |  2.0
Stealth        | |  2.6
Transmutations | |  1.0

Action                     |  1- 3 |  4- 6 || total
---------------------------+-------+-------++-------
  Melee: Unarmed           |     8 |       ||     8
         Hand axe          |    28 |    58 ||    86
         Constrict         |    10 |    12 ||    22
         Tentacles         |     6 |    12 ||    18
         Punch             |       |     1 ||     1
   Cast: Sting             |     3 |       ||     3
         Poisonous Vapours |    20 |    11 ||    31
         Olgreb's Toxic Ra |       |     1 ||     1
    Use: Scroll            |     4 |     5 ||     9
         Potion            |     3 |     5 ||     8
   Stab: Sleeping          |     2 |     3 ||     5
 Armour: Skin              |     6 |       ||     6
  Dodge: Dodged            |    27 |    69 ||    96
